 Dungeon Crawl Stone Soup version 0.17-a0-491-gbd49765 (webtiles) character file.

4689 Radiman the Severer (level 10, -14/84 HPs)
             Began as a Hill Orc Berserker on Apr 10, 2015.
             Was a High Priest of Trog.
             Killed from afar by an electric eel (15 damage)
             ... with a bolt of electricity
             ... on level 8 of the Dungeon.
             The game lasted 00:39:46 (8933 turns).

Radiman the Severer (Hill Orc Berserker)            Turns: 8933, Time: 00:39:46

Health: -14/84     AC: 12    Str: 24    XL:     10   Next: 44%
Magic:  10/10      EV:  9    Int:  7    God:    Trog [*****.]
Gold:   432        SH:  0    Dex: 10    Spells: 0 memorised, 9 levels left

rFire  + . .     SeeInvis .     N - +0 executioner's axe (chop)
rCold  . . .     Clarity  .     k - +0 chain mail
rNeg   . . .     SustAb   .     (no shield)
rPois  .         Gourm    .     (no helmet)
rElec  .         Spirit   .     (no cloak)
rCorr  .         Warding  .     C - +1 pair of gloves
rMut   .         Stasis   .     (no boots)
MR     +....                    f - amulet of regeneration
Stlth  ..........               Q - ring of protection from magic
                                o - ring of protection from fire

@: somewhat resistant to hostile enchantments, extremely unstealthy
A: no striking features
a: Burn Spellbooks, Berserk, Trog's Hand, Brothers in Arms, Renounce Religion


You were on level 8 of the Dungeon.
You worshipped Trog.
Trog was extremely pleased with you.
You were not hungry.

You visited 2 branches of the dungeon, and saw 9 of its levels.
You also visited: Ossuary.

You collected 432 gold pieces.

Inventory:

Hand weapons
 N - a +0 executioner's axe of chopping (weapon)
Armour
 k - a +0 chain mail (worn)
 C - a +1 pair of gloves (worn)
Jewellery
 f - an amulet of regeneration (around neck)
 o - a ring of protection from fire (left hand)
 E - a cursed amulet of resist mutation
 Q - a ring of protection from magic (right hand)
Magical devices
 m - a wand of magic darts (18)
 p - a wand of frost (26)
 y - a wand of flame (17)
 M - a wand of polymorph (18)
 P - a wand of fireball (8)
Scrolls
 a - 3 scrolls of immolation {unknown}
 b - a scroll of enchant weapon {unknown}
 e - 5 scrolls of identify {unknown}
 h - 3 scrolls of fog {unknown}
 i - 2 scrolls of recharging {unknown}
 j - a scroll of remove curse
 q - 5 scrolls of blinking {unknown}
 r - 4 scrolls of enchant armour
 v - 7 scrolls of random uselessness {unknown}
 x - a scroll of amnesia {unknown}
 F - a scroll of teleportation {unknown}
 G - a scroll of vulnerability {unknown}
 H - a scroll of magic mapping {unknown}
 I - 3 scrolls of noise {unknown}
 L - a scroll of torment {unknown}
Potions
 d - a potion of magic {unknown}
 g - 6 potions of degeneration {unknown}
 l - 3 potions of ambrosia {unknown}
 n - 3 potions of heal wounds {unknown}
 s - 3 potions of invisibility {unknown}
 u - 3 potions of curing {unknown}
 w - 2 potions of restore abilities {unknown}
 A - a potion of agility {unknown}
 D - 2 potions of brilliance {unknown}
 K - 2 potions of poison {unknown}
Comestibles
 c - 5 bread rations
 t - 10 royal jellies
 z - a slice of pizza
 B - a meat ration
 J - a chunk of flesh
 O - 6 fruits


   Skills:
 + Level 6.5 Fighting
 * Level 16.1 Axes
 - Level 5.2 Armour
 - Level 3.9 Dodging


You had 9 spell levels left.
You didn't know any spells.

Dungeon Overview and Level Annotations

Branches:
Dungeon (8/15)             Temple (1/1) D:6            Lair (0/8) D:8

Altars:
Ashenzari
Cheibriados
Dithmenos
Elyvilon
Fedhas
Gozag
Kikubaaqudgha
Makhleb
Nemelex Xobeh
Okawaru
Qazlal
Ru
Sif Muna
Vehumet
Xom
Yredelemnul
Zin
The Shining One

Shops:
D:8 [


Message History

* * * LOW HITPOINT WARNING * * *
The bolt of electricity hits the electric eel.
The electric eel completely resists.
You barely miss the electric eel.
Your chain mail prevents you from hitting the electric eel.
You miss the electric eel.
The electric eel shoots out a bolt of lightning at you!
The bolt of electricity hits you!
* * * LOW HITPOINT WARNING * * *
The bolt of electricity hits you!
The bolt of electricity hits the electric eel.
The electric eel completely resists.
The electric eel shoots out a bolt of lightning at you!
The bolt of electricity misses you. The bolt of electricity hits you!
* * * LOW HITPOINT WARNING * * *
The bolt of electricity hits the electric eel.
The electric eel completely resists.
The electric eel shoots out a bolt of lightning at you!
The bolt of electricity hits you!
You die...

.......P.≈P≈..#.>#..###.....#..
........≈≈≈......#..........###≈P
........†..#........###.....#PPPP
####...#####.###.#### #..[.≈PPPPP
#.........# #.# ###PP≈P≈♣≈≈
#...#########.# ###P.PP♣≈≈≈PP
#..........##.###P≈≈P≈≈♣≈≈.≈PK
#####.#.#####.##.##.PP≈≈≈♣PPP.###
≈...#...# #.##@##.P≈♣♣≈ PP.##
###.#...# #.##<..;≈≈♣♣♣PP≈.#
###.#.#.# #.#####.≈≈≈≈≈♣PP..
........#####.# #≈PP≈♣≈≈≈P
.##...#.......# ##≈.PP≈≈≈
.##........#.#### #P≈PP≈♣
.....##.........# ##.≈≈P
####.......#.##.## ###
#..#.##.#.##..#


You could see an electric eel.

Vanquished Creatures
  Sigmund (D:2)
  3 yaks (D:8)
  A deep elf fighter (D:8)
  The ghost of Radiman the Chopper, an average HOBe of Trog (D:3)
  A hippogriff (D:8)
  4 ogres
  An ice beast (D:8)
  3 phantoms
  A spider (D:8)
  2 sky beasts
  A wasp (D:8)
  A water moccasin (D:5)
  A centaur (D:7)
  2 boring beetles (D:8)
  3 giant frogs
  A water moccasin zombie (D:8)
  A water moccasin skeleton (D:7)
  A scorpion (D:8)
  7 wights
  8 electric eels (D:8)
  2 crimson imps
  2 goliath beetles
  3 giant frog skeletons
  A centaur skeleton (D:7)
  3 hounds
  Ijyb (D:2)
  5 iguanas
  Natasha (thrice) (D:2)
  4 orc wizards
  8 worker ants
  A killer bee zombie (D:6)
  A big kobold zombie (Ossuary)
  6 mummies (Ossuary)
  A hound zombie (D:8)
  2 hound skeletons
  A river rat (D:8)
  9 adders
  4 worms
  An adder zombie (D:6)
  2 adder skeletons
  8 giant geckos
  An ooze (D:2)
  15 orcs
  28 bats
  2 bat skeletons (D:5)
  11 giant cockroaches
  A gnoll zombie (Ossuary)
  12 hobgoblins
  20 jackals
  16 kobolds
  6 quokkas
  A ball python skeleton (D:5)
  3 giant newts
  A giant spore (D:8)
  6 goblins
  A goblin zombie (Ossuary)
  3 hobgoblin zombies (Ossuary)
  A jackal skeleton (D:4)
  2 orc zombies (Ossuary)
  A quokka zombie (D:8)
  25 rats
  A ballistomycete (D:8)
  3 fungi (D:8)
  8 plants (D:8)
280 creatures vanquished.

Vanquished Creatures (others)
  An electric eel (D:8)
  A centaur skeleton (D:8)
  An orc (D:8)
  A bat (D:8)
  3 plants (D:8)
7 creatures vanquished.

Grand Total: 287 creatures vanquished

Notes
Turn   | Place    | Note
--------------------------------------------------------------
     0 | D:1      | Radiman, the Hill Orc Berserker, began the quest for the Orb.
     0 | D:1      | Reached XP level 1. HP: 19/19 MP: 1/1
    98 | D:1      | Reached XP level 2. HP: 8/26 MP: 2/2
   476 | D:1      | Reached skill level 5 in Axes
   758 | D:1      | Reached XP level 3. HP: 20/31 MP: 3/3
   950 | D:1      | Acquired Trog's second power
  1302 | D:2      | Noticed Natasha
  1315 | D:2      | Killed Natasha
  1315 | D:2      | Reached skill level 6 in Axes
  1315 | D:2      | Reached XP level 4. HP: 39/39 MP: 4/4
  1385 | D:2      | Found a deep blue altar of Sif Muna.
  1485 | D:2      | Found a basalt altar of Yredelemnul.
  1608 | D:2      | Found an iron altar of Okawaru.
  1608 | D:2      | Noticed Sigmund
  1623 | D:2      | Killed Sigmund
  1623 | D:2      | Reached skill level 8 in Axes
  1623 | D:2      | Reached XP level 5. HP: 45/45 MP: 5/5
  1623 | D:2      | Reached XP level 6. HP: 51/51 MP: 6/6
  1710 | D:2      | Noticed Ijyb
  1737 | D:2      | Killed Ijyb
  1781 | D:2      | Found a basalt altar of Yredelemnul.
  1784 | D:2      | Noticed Natasha
  1792 | D:2      | Killed Natasha
  1792 | D:2      | Reached skill level 9 in Axes
  1797 | D:2      | Noticed Natasha
  1804 | D:2      | Killed Natasha
  1976 | D:2      | Found an opulent altar of Gozag.
  2178 | D:3      | Found a sparkling altar of Nemelex Xobeh.
  2419 | D:3      | Noticed Radiman's ghost (average HOBe)
  2431 | D:3      | Killed Radiman's ghost
  2431 | D:3      | Reached skill level 10 in Axes
  2431 | D:3      | Reached XP level 7. HP: 57/57 MP: 7/7
  3291 | D:4      | Acquired Trog's third power
  3367 | D:4      | Reached skill level 11 in Axes
  3703 | D:5      | Entered Level 5 of the Dungeon
  4005 | D:5      | Reached XP level 8. HP: 38/64 MP: 8/8
  4220 | D:5      | Reached skill level 12 in Axes
  4822 | D:6      | Reached skill level 13 in Axes
  4928 | D:6      | Found a staircase to the Ecumenical Temple.
  5313 | D:6      | Found a sand-covered staircase.
  5318 | Ossuary  | Entered an ossuary
  5433 | Ossuary  | Reached skill level 14 in Axes
  5633 | Temple   | Entered the Ecumenical Temple
  5914 | D:6      | Reached XP level 9. HP: 63/71 MP: 9/9
  6402 | D:7      | Found a shimmering altar of Xom.
  7230 | D:8      | Found a staircase to the Lair.
  7315 | D:8      | Reached skill level 5 in Fighting
  7326 | D:8      | Reached skill level 15 in Axes
  7615 | D:8      | Reached XP level 10. HP: 81/81 MP: 10/10
  8114 | D:8      | Received a gift from Trog
  8195 | D:8      | Reached skill level 5 in Armour
  8294 | D:8      | Found Gusevvyf's Armour Boutique.
  8422 | D:8      | Found a snail-covered altar of Cheibriados.
  8800 | D:8      | Reached skill level 16 in Axes
  8932 | D:8      | HP: 1/84 [electric eel/bolt of electricity (9)]
  8933 | D:8      | Killed from afar by an electric eel

Action                   |  1- 3 |  4- 6 |  7- 9 | 10-12 || total
-------------------------+-------+-------+-------+-------++-------
Melee: Hand axe          |   114 |   150 |   341 |       ||   605
       Battleaxe         |       |       |   291 |    25 ||   316
       Executioner's axe |       |       |       |    79 ||    79
Invok: Berserk           |     1 |     2 |     4 |     1 ||     8
       Burn Spellbooks   |       |       |     1 |       ||     1
  Use: Scroll            |       |       |     3 |       ||     3
  Eat: Chunk             |     2 |     6 |    26 |     6 ||    40
       Beef jerky        |       |       |       |     1 ||     1
